 Dungeon Crawl Stone Soup version 0.19.1 (webtiles) character file.

140 Remedyn the Shield-Bearer (level 5, -1/42 HPs)
             Began as a Formicid Fighter on Nov 28, 2016.
             Slain by an ogre
             ... wielding a +0 giant club
              (15 damage)
             ... on level 4 of the Dungeon.
             The game lasted 00:08:07 (2176 turns).

Remedyn the Shield-Bearer (Formicid Fighter)        Turns: 2176, Time: 00:08:08

Health: -1/42      AC:  7    Str: 21    XL:     5   Next: 47%
Magic:  5/5        EV:  8    Int:  8    God:
Gold:   170        SH:  9    Dex: 10    Spells: 0 memorised, 4 levels left

rFire  . . .     SeeInvis +     a - +1 war axe
rCold  . . .     Gourm    .     b - +0 scale mail
rNeg   . . .     Faith    .     c - +0 shield
rPois  .         Spirit   .     (helmet unavailable)
rElec  .         Reflect  .     (no cloak)
rCorr  .         Harm     .     (no gloves)
MR     .....                    (no boots)
Stlth  ..........               (no amulet)
                                (no ring)
                                (no ring)

@: no status effects
A: permanent stasis, dig shafts and tunnels, four strong arms, antennae 3
a: Dig, Shaft Self


You were on level 4 of the Dungeon.
You were not hungry.

You visited 1 branch of the dungeon, and saw 4 of its levels.

You collected 170 gold pieces.

Inventory:

Hand Weapons
 a - a +1 war axe (weapon)
Armour
 b - a +0 scale mail (worn)
 c - a +0 shield (worn)
Scrolls
 e - a scroll of magic mapping
 h - 4 scrolls of remove curse
 j - a scroll of fear
 k - 3 scrolls of identify
Potions
 d - a potion of might
 l - a potion of magic
 n - a potion of resistance {unknown}
Comestibles
 f - a bread ration
 g - 3 meat rations
 m - a beef jerky


   Skills:
 + Level 4.1 Fighting
 * Level 3.4 Axes
 + Level 4.1 Armour
 + Level 4.6 Shields


You had 4 spell levels left.
You didn't know any spells.

Dungeon Overview and Level Annotations

Branches:
Dungeon (4/15)
 Temple: D:4-7

Altars:
Ashenzari


Innate Abilities, Weirdness & Mutations

You are under a permanent stasis effect.
You can dig through walls and to a lower floor.
Your four strong arms can wield two-handed weapons with a shield.
You have a pair of large antennae on your head. (SInv)


Message History

There is a stone staircase leading up here.
Found a stone staircase leading up and a stone staircase leading down.
As you read the scroll labeled OGRUIJUHARPH, it crumbles to dust.
You hear a loud clanging noise!
It was a scroll of noise.
You hear a shout! x7; You hear a bark! x3
You sense a monster nearby.
Found 12 bolts.
An ogre comes into view. It is wielding a giant club.
An ogre is nearby!
Your shield and scale mail prevent you from hitting the ogre.
You block the ogre's attack.
You slash the ogre!
The ogre is moderately wounded.
The ogre hits you with a giant club! You block the ogre's attack.
You slash the ogre!
The ogre is severely wounded.
The ogre hits you with a giant club! The ogre hits you with a giant club!
You die...

....# ....#########
............#######
....####..^.......#
...## #.##.#####.#
#### #.##.###.#.#
#....#...#.#######
######.#.#.#.....##
..(.<....@.......>.
.#....#O#.#.#.....
#.#..#.........#.
#....#.#######
#....#.# ######.#
#.. ### {


You could see an ogre.

Vanquished Creatures
  6 adders
  4 worms
  2 dart slugs
  A leopard gecko (D:2)
  An orc (D:3)
  2 ball pythons
  8 giant cockroaches
  10 goblins
  9 hobgoblins
  10 kobolds
  6 bats
  A frilled lizard (D:2)
  8 rats
68 creatures vanquished.

Notes
Turn   | Place    | Note
-------+----------+-------------------------------------------
     0 | D:1      | Remedyn the Formicid Fighter began the quest for the Orb.
     0 | D:1      | Reached XP level 1. HP: 18/18 MP: 1/1
    54 | D:1      | Reached XP level 2. HP: 21/24 MP: 2/2
   402 | D:1      | Reached XP level 3. HP: 29/29 MP: 3/3
   775 | D:2      | Reached XP level 4. HP: 37/37 MP: 4/4
  1565 | D:3      | Reached XP level 5. HP: 40/42 MP: 5/5
  1616 | D:3      | Found a shattered altar of Ashenzari.
  2168 | D:4      | Noticed an ogre
  2176 | D:4      | Slain by an ogre

Skill      XL: |  1  2  3  4 |
---------------+-------------+-----
Shields        | 4 |  4.6
Axes           | 3 |  3.4
Armour         | 4 |  4.1
Fighting       | 4 |  4.1

Action                   |  1- 3 |  4- 6 || total
-------------------------+-------+-------++-------
Melee: War axe           |   105 |   111 ||   216
  Use: Scroll            |     4 |     1 ||     5
       Potion            |       |     4 ||     4
  Eat: Chunk             |       |     3 ||     3
       Bread ration      |       |     1 ||     1
Armor: Scale mail        |    56 |    41 ||    97
Dodge: Dodged            |    40 |    22 ||    62
Block: Shield            |    64 |    57 ||   121
